[Event "Friday Night Engine Tour 13 rd Swiss 3m+1s Starts at 2200hrs ST"]
[Site "Infinity Chess"]
[Date "2018.4.13"]
[Round "8"]
[White "alexxx97"]
[Black "Cepri"]
[Result "1/2-1/2"]
[ECO "C55"]
[WhiteElo "2363"]
[BlackElo "2517"]
[WhiteEngine "stockfish_x64_modern_CTG"]
[BlackEngine "asmfishw_08A18b_CTG"]
[EventType "Swiss"]
[WhiteTeam ""]
[BlackTeam ""]
[PlyCount "202"]
[TimeControl "180+1"]

1. e4 e5 2. Nf3 Nc6 3. Bc4 Nf6 4. d3 Bc5 5. O-O d6 6. c3 O-O 7. Nbd2 a5 
8. Re1 h6 9. Nf1 Be6 10. Bb5 Bb6 11. h3 Ne7 12. Ng3 Nd7 13. d4 f5 14. exf5 Nxf5 
15. d5 Nxg3 16. dxe6 Nf6 17. Bd3 Qe7 18. Bc2 c6 19. c4 Ngh5 20. g4 e4 
21. Bxe4 Nxe4 22. Rxe4 Nf6 23. Re1 d5 24. Be3 Bxe3 25. Rxe3 dxc4 26. Nh4 Nd5 
27. Nf5 Rxf5 28. gxf5 Nxe3 29. fxe3 a4 30. Qg4 a3 31. bxa3 Rxa3 32. Rf1 Qf6 
33. Rf2 Rxe3 34. Qxc4 Qe5 35. Qf4 b5 36. Qxe5 Rxe5 37. Rd2 Kf8 38. Rd8+ Ke7 
39. Rd7+ Kf6 40. Rf7+ Kg5 41. Kg2 Kf4 42. a3 c5 43. Rc7 c4 44. a4 bxa4 
45. Rxc4+ Kxf5 46. Kf3 a3 47. h4 a2 48. Ra4 Rxe6 49. Rxa2 Re5 50. Ra3 h5 
51. Kg3 g6 52. Rb3 Ra5 53. Kg2 Ra4 54. Kg3 Re4 55. Rf3+ Ke6 56. Rb3 Kf5 
57. Rb5+ Re5 58. Rb1 Re3+ 59. Kg2 Re6 60. Rb5+ Kf4 61. Rb4+ Re4 62. Rb6 Kf5 
63. Kh3 Rf4 64. Rb5+ Kf6 65. Rb1 Ra4 66. Rb6+ Kf5 67. Rb5+ Ke4 68. Rg5 Ra6 
69. Kg2 Re6 70. Rb5 Kf4 71. Rb1 Re2+ 72. Kh3 Re3+ 73. Kg2 Kf5 74. Rb5+ Kf6 
75. Rb1 Kf5 76. Ra1 Kf4 77. Ra5 Re2+ 78. Kh3 Re4 79. Kh2 Kf3 80. Ra3+ Kf4 
81. Ra5 Rb4 82. Rg5 Rb6 83. Kg2 Rf6 84. Rb5 Ra6 85. Rb1 Rf6 86. Rf1+ Ke5 
87. Re1+ Kf5 88. Rf1+ Ke6 89. Ra1 Rf4 90. Ra6+ Kf7 91. Ra7+ Ke8 92. Kg3 Rb4 
93. Ra8+ Ke7 94. Ra6 Rg4+ 95. Kh3 Kf7 96. Ra7+ Ke6 97. Ra6+ Kd5 98. Ra5+ Ke4 
99. Ra6 Rf4 100. Ra1 Kd3 101. Rb1 Ke4 1/2-1/2

[Event "Friday Night Engine Tour 13 rd Swiss 3m+1s Starts at 2200hrs ST"]
[Site "Infinity Chess"]
[Date "2018.4.13"]
[Round "8"]
[White "klasman"]
[Black "star99"]
[Result "1/2-1/2"]
[ECO "A50"]
[WhiteElo "2414"]
[BlackElo "2498"]
[WhiteEngine "Raubfisch ME262_GTZ17a."]
[BlackEngine "Cryptic Heroes 9.4B"]
[EventType "Swiss"]
[WhiteTeam ""]
[BlackTeam ""]
[PlyCount "159"]
[TimeControl "180+1"]

1. d4 Nf6 2. c4 c6 3. Nf3 d5 4. Nc3 e6 5. e3 Nbd7 6. Qc2 Bd6 7. Bd3 dxc4 
8. Bxc4 O-O 9. O-O b5 10. Be2 Bb7 11. Rd1 Qc7 12. e4 e5 13. Bg5 exd4 
14. Rxd4 Ne5 15. Bxf6 gxf6 16. Nh4 Ng6 17. Nf3 Bc5 18. Rdd1 Rad8 19. Rac1 a6 
20. a4 Bb6 21. Bd3 Ne5 22. Nxe5 Qxe5 23. Ne2 Bc8 24. Qxc6 Rd6 25. Qc2 bxa4 
26. Bc4 Rfd8 27. Rxd6 Rxd6 28. Bxf7+ Kxf7 29. Qxc8 Qxb2 30. e5 Qxe5 31. Ng3 Re6 
32. Qb7+ Kg6 33. Qc8 Re8 34. Qg4+ Qg5 35. Qd1 Kf7 36. Qc2 Kf8 37. Qc3 Qf4 
38. Rf1 Qd4 39. Qf3 Bc5 40. Nh5 Re6 41. Nf4 Re7 42. g3 Qe4 43. Qc3 Bd4 
44. Qc1 a5 45. Ng2 Re5 46. Qc8+ Re8 47. Qc7 Be5 48. Qc5+ Kg8 49. Rd1 Kh8 
50. Ne3 Rb8 51. Rd7 Rb1+ 52. Nf1 Rb8 53. Qxa5 Bd4 54. Qc7 Re8 55. Qd6 Bb2 
56. Nd2 Qg6 57. Qc6 a3 58. Ra7 f5 59. Qd5 f4 60. Kg2 Rf8 61. Nf3 fxg3 
62. hxg3 Qf5 63. Qb7 Kg8 64. Qc6 Kh8 65. Qb7 Rg8 66. Nh4 Qd3 67. Qf7 Qe4+ 
68. Kh2 Rg7 69. Qf8+ Rg8 70. Qf7 Qc2 71. Qf3 Qc5 72. Qf7 Qc2 73. Ng2 Qg6 
74. Qd7 Qh6+ 75. Kg1 Be5 76. Qd5 Qc1+ 77. Kh2 Qh6+ 78. Kg1 Qc1+ 79. Kh2 Qh6+ 
80. Kg1 1/2-1/2

[Event "Friday Night Engine Tour 13 rd Swiss 3m+1s Starts at 2200hrs ST"]
[Site "Infinity Chess"]
[Date "2018.4.13"]
[Round "8"]
[White "Dovahkiin"]
[Black "MCDermont"]
[Result "1/2-1/2"]
[ECO "D31"]
[WhiteElo "2418"]
[BlackElo "2585"]
[WhiteEngine "Raubfisch ME262_GTZ16f_CTG"]
[BlackEngine "BrainFish 090218"]
[EventType "Swiss"]
[WhiteTeam ""]
[BlackTeam ""]
[PlyCount "82"]
[TimeControl "180+1"]

1. d4 d5 2. c4 e6 3. Nc3 c6 4. Nf3 Nf6 5. Bg5 h6 6. Bh4 dxc4 7. e4 g5 8. Bg3 b5 
9. Be2 Bb7 10. O-O Nbd7 11. Ne5 Bg7 12. Nxd7 Nxd7 13. Bd6 a6 14. a4 Bf8 
15. Bxf8 Kxf8 16. e5 c5 17. axb5 axb5 18. Rxa8 Qxa8 19. dxc5 Bd5 20. Nxd5 Qxd5 
21. Qxd5 exd5 22. Rd1 d4 23. Rxd4 Ke7 24. Rd5 Ke6 25. Rd6+ Ke7 26. g3 Rb8 
27. f4 gxf4 28. gxf4 Nxc5 29. f5 Kf8 30. Rxh6 Nd7 31. Rh8+ Kg7 32. Rxb8 Nxb8 
33. e6 fxe6 34. fxe6 Kf6 35. Kf2 Kxe6 36. Ke3 Ke5 37. Kd2 Nc6 38. Bxc4 bxc4 
39. Kc3 Kd6 40. Kxc4 Ne5+ 41. Kc3 Nf3 1/2-1/2

[Event "Friday Night Engine Tour 13 rd Swiss 3m+1s Starts at 2200hrs ST"]
[Site "Infinity Chess"]
[Date "2018.4.13"]
[Round "8"]
[White "Time_bandit"]
[Black "RonWeasley"]
[Result "1/2-1/2"]
[ECO "C11"]
[WhiteElo "2587"]
[BlackElo "2498"]
[WhiteEngine "asmFishW_2018-02-02_popcnt"]
[BlackEngine "BrainFish 090218_CTG"]
[EventType "Swiss"]
[WhiteTeam ""]
[BlackTeam ""]
[PlyCount "105"]
[TimeControl "180+1"]

1. e4 e6 2. d4 d5 3. Nc3 Nf6 4. e5 Nfd7 5. f4 c5 6. Nf3 Nc6 7. Be3 cxd4 
8. Nxd4 Qb6 9. Qd2 Qxb2 10. Rb1 Qa3 11. Bb5 Nxd4 12. Bxd4 a6 13. Bxd7+ Bxd7 
14. Rb3 Qe7 15. Rxb7 Rc8 16. O-O Qd8 17. f5 exf5 18. Qd3 Bc5 19. Bxc5 Rxc5 
20. Nxd5 Bc8 21. Re7+ Kf8 22. Qa3 Qa5 23. Qxa5 Rxa5 24. Rc7 Be6 25. Nf4 Rxe5 
26. Nxe6+ Rxe6 27. Rxf5 Re7 28. Rc8+ Re8 29. Rfc5 Ke7 30. R8c6 g6 31. Rxa6 Rc8 
32. Re5+ Kf8 33. Ra7 Kg7 34. Ree7 Rhf8 35. Re2 Ra8 36. Rxa8 Rxa8 37. c3 Kf6 
38. c4 Ra3 39. Kf2 Rc3 40. c5 Rxc5 41. a4 h5 42. Kf3 Rc3+ 43. Re3 Rc5 44. g3 Kg5 
45. Rb3 Kf6 46. Rb6+ Kg7 47. Kg2 Rc2+ 48. Kg1 Ra2 49. Ra6 Ra1+ 50. Kf2 Ra2+ 
51. Kg1 Ra3 52. Kg2 Ra2+ 53. Kg1 1/2-1/2

[Event "Friday Night Engine Tour 13 rd Swiss 3m+1s Starts at 2200hrs ST"]
[Site "Infinity Chess"]
[Date "2018.4.13"]
[Round "8"]
[White "Victorious"]
[Black "Vimtiroba"]
[Result "1/2-1/2"]
[ECO "C50"]
[WhiteElo "2625"]
[BlackElo "2516"]
[WhiteEngine "Cfish_x64_060418_LTO_popcnt"]
[BlackEngine "SF9 ''A5''_CTG"]
[EventType "Swiss"]
[WhiteTeam ""]
[BlackTeam ""]
[PlyCount "91"]
[TimeControl "180+1"]

1. e4 e5 2. Nf3 Nc6 3. Bc4 Bc5 4. O-O Nf6 5. d3 O-O 6. c3 a5 7. a4 d6 8. Bg5 h6 
9. Bh4 g5 10. Bg3 Ba7 11. Nbd2 Rb8 12. Ba2 Be6 13. Nc4 Qd7 14. Re1 Rbe8 
15. h3 Kg7 16. Bb3 g4 17. hxg4 Bxg4 18. Ne3 Kh7 19. Bh4 Bxe3 20. Rxe3 Nh5 
21. Qd2 Rg8 22. Nh2 Bh3 23. Bg3 Nf4 24. Rf3 Bxg2 25. Rxf4 exf4 26. Qxf4 Qh3 
27. Qxf7+ Kh8 28. Qf6+ Rg7 29. Bd1 Ne5 30. Bxe5 Rxe5 31. Bg4 Qxd3 32. Qxh6+ Kg8 
33. Kxg2 Rxe4 34. Qh4 Qd5 35. Kg1 Rexg4+ 36. Nxg4 Qe4 37. Qd8+ Kh7 38. f3 Qxf3 
39. Qh4+ Kg8 40. Qd8+ Kf7 41. Qxc7+ Kg8 42. Qd8+ Kh7 43. Qh4+ Kg8 44. Qd8+ Kh7 
45. Qh4+ Kg8 46. Qd8+ 1/2-1/2

[Event "Friday Night Engine Tour 13 rd Swiss 3m+1s Starts at 2200hrs ST"]
[Site "Infinity Chess"]
[Date "2018.4.13"]
[Round "7"]
[White "OlivierEvan"]
[Black "incredible"]
[Result "1/2-1/2 "]
[ECO "A00"]
[WhiteElo "2402"]
[BlackElo "2491"]
[WhiteEngine "Houdini 6"]
[BlackEngine "stockfish_16040910_x64_bmi2"]
[EventType "Swiss"]
[WhiteTeam ""]
[BlackTeam ""]
[PlyCount "186"]
[TimeControl "180+1"]

1. g3 d5 2. d4 c5 3. Nf3 Nf6 4. Bg2 cxd4 5. O-O Bd7 6. Bg5 Ne4 7. Qxd4 Nxg5 
8. Nxg5 e6 9. Nf3 Nc6 10. Qd3 Be7 11. e4 dxe4 12. Qxe4 Qc7 13. Re1 O-O 
14. Nbd2 b5 15. c3 Rfd8 16. Rad1 Rac8 17. a3 a5 18. b4 axb4 19. axb4 Nb8 
20. Rc1 Qb6 21. Ne5 Be8 22. Qe2 Nd7 23. Nxd7 Rxd7 24. Ne4 Ra7 25. Rcd1 h6 
26. h4 Ra3 27. Ra1 Ra4 28. Rad1 Qc7 29. Rd3 Ra3 30. Red1 Ra7 31. Bf3 Kf8 
32. Kg2 Ra3 33. Qb2 Qa7 34. Qe2 Rc4 35. Re3 Rc7 36. Red3 Rc8 37. Re3 Qc7 
38. Red3 Bc6 39. Re3 Kg8 40. Rdd3 Bd5 41. Nd2 Ba2 42. Qd1 Qa7 43. Qc1 Rc7 
44. Qd1 Qb8 45. Nb1 Bb3 46. Qc1 Ra2 47. Rd2 Bf6 48. Rxa2 Bxa2 49. Na3 Bb3 
50. Rd3 Qe8 51. Qb2 Ba4 52. Nb1 Qc8 53. h5 Kh8 54. Kh2 Be7 55. Qa2 Kg8 
56. Kg2 Kf8 57. Qb2 Bf6 58. Qd2 Bg5 59. Qb2 Rd7 60. Qe2 Bf6 61. Rxd7 Qxd7 
62. Qe3 Qc7 63. Qe4 Ke7 64. Qa8 Be5 65. Be4 Bd1 66. f4 Bf6 67. Bc6 Qd8 
68. Qb7+ Kf8 69. Qxb5 Bc2 70. Na3 Qd2+ 71. Kh1 g5 72. Qc5+ Kg7 73. Nxc2 Qc1+ 
74. Qg1 Qxc2 75. fxg5 Bxg5 76. b5 Qxc3 77. Kg2 Qe5 78. Qd1 Kf8 79. Qf3 Be3 
80. Qe4 Qg5 81. Qf3 Ke7 82. Kh3 Qe5 83. Qg4 Qc5 84. Qh4+ Kf8 85. Qd8+ Kg7 
86. Qh4 Qf5+ 87. Qg4+ Kf6 88. Qxf5+ Kxf5 89. Be8 f6 90. Kg2 Kg4 91. Bd7 Bb6 
92. Bxe6+ Kxh5 93. Bd7 Kg6 1/2-1/2

[Event "Friday Night Engine Tour 13 rd Swiss 3m+1s Starts at 2200hrs ST"]
[Site "Infinity Chess"]
[Date "2018.4.13"]
[Round "7"]
[White "Vimtiroba"]
[Black "alexxx97"]
[Result "1-0"]
[ECO "C55"]
[WhiteElo "2505"]
[BlackElo "2374"]
[WhiteEngine "SF9 ''A5''_CTG"]
[BlackEngine "stockfish_x64_modern_CTG"]
[EventType "Swiss"]
[WhiteTeam ""]
[BlackTeam ""]
[PlyCount "133"]
[TimeControl "180+1"]

1. e4 e5 2. Nf3 Nc6 3. Bc4 Nf6 4. d3 Bc5 5. c3 d6 6. O-O O-O 7. a4 a5 8. Bg5 h6 
9. Bh4 g5 10. Bg3 Kg7 11. Na3 Ne7 12. Re1 Ng6 13. d4 exd4 14. cxd4 Bb4 
15. Re2 c6 16. Bd3 d5 17. e5 Nh5 18. Nc2 Be7 19. h3 Be6 20. Ne3 Nhf4 
21. Nf5+ Bxf5 22. Bxf5 Nxe2+ 23. Qxe2 Qe8 24. Ne1 f6 25. e6 Rh8 26. Nd3 b6 
27. h4 Bb4 28. Nxb4 axb4 29. b3 c5 30. Bd3 gxh4 31. Bd6 c4 32. Bc2 cxb3 
33. Bxb3 h3 34. g3 h5 35. Kh2 Ne7 36. Rd1 Nf5 37. Bf4 Ne7 38. Rg1 Qg6 39. g4 Qe4 
40. gxh5+ Kf8 41. Qxe4 dxe4 42. d5 Nf5 43. h6 Rd8 44. Bd2 Rd6 45. Bxb4 Rxh6 
46. Rc1 e3 47. Bc2 Rh4 48. Bxf5 Rxb4 49. Rc8+ Ke7 50. Rc7+ Kd8 51. e7+ Kxc7 
52. e8=Q Rxd5 53. Qe7+ Kc6 54. Bc8 Rxa4 55. Bb7+ Kb5 56. Bxd5 Rd4 57. Qd7+ Ka5 
58. Qc6 exf2 59. Qc3+ Rb4 60. Bc6 b5 61. Bd5 f1=N+ 62. Kxh3 Ka6 63. Qc8+ Kb6 
64. Qc6+ Ka5 65. Qc7+ Ka6 66. Qb7+ Ka5 67. Qa7# 1-0

[Event "Friday Night Engine Tour 13 rd Swiss 3m+1s Starts at 2200hrs ST"]
[Site "Infinity Chess"]
[Date "2018.4.13"]
[Round "7"]
[White "Arch Stanton"]
[Black "klasman"]
[Result "1/2-1/2"]
[ECO "B90"]
[WhiteElo "2510"]
[BlackElo "2410"]
[WhiteEngine "stockfish_18041209_x64_bmi2_CTG"]
[BlackEngine "Raubfisch ME262_GTZ17a."]
[EventType "Swiss"]
[WhiteTeam ""]
[BlackTeam ""]
[PlyCount "123"]
[TimeControl "180+1"]

1. e4 c5 2. Nf3 d6 3. d4 cxd4 4. Nxd4 Nf6 5. Nc3 a6 6. Be3 e5 7. Nb3 Be6 
8. f3 h5 9. Nd5 Bxd5 10. exd5 Nbd7 11. Qd2 g6 12. Be2 Bg7 13. O-O O-O 
14. Na5 Qc7 15. c4 e4 16. f4 Ng4 17. Bxg4 hxg4 18. Rad1 f5 19. b4 b6 20. Nc6 Nb8 
21. Nd4 Qxc4 22. Ne6 Bc3 23. Qf2 Nd7 24. Qh4 Rf7 25. Qh6 Nf8 26. Nxf8 Raxf8 
27. Qxg6+ Kh8 28. Kh1 b5 29. Qxd6 Rf6 30. Qc5 Bxb4 31. Qxc4 bxc4 32. Bd4 e3 
33. Bxe3 Rd6 34. Bd4+ Kg8 35. Be5 Rd7 36. h3 Rc8 37. Kh2 gxh3 38. Kxh3 c3 
39. Rd3 Rc5 40. Rb1 c2 41. Rc1 Kf7 42. Kh4 Rd8 43. g3 Kg6 44. Kh3 Kf7 
45. Kh4 Kg6 46. Kh3 Ba5 47. g4 Rcxd5 48. Rxd5 Rxd5 49. gxf5+ Kxf5 50. Rxc2 Bd2 
51. Rc4 Be3 52. Kg2 Rd3 53. a4 Kg4 54. Bc3 Bb6 55. Kf1 Kf3 56. Be1 Rd1 
57. Rc8 Ba5 58. Re8 Bxe1 59. Rxe1 Rxe1+ 60. Kxe1 Kxf4 61. Kd2 Ke5 62. Kc3 
1/2-1/2

[Event "Friday Night Engine Tour 13 rd Swiss 3m+1s Starts at 2200hrs ST"]
[Site "Infinity Chess"]
[Date "2018.4.13"]
[Round "7"]
[White "star99"]
[Black "Dovahkiin"]
[Result "1/2-1/2"]
[ECO "D30"]
[WhiteElo "2502"]
[BlackElo "2414"]
[WhiteEngine "Cryptic Heroes 9.4B"]
[BlackEngine "Raubfisch ME262_GTZ16f_CTG"]
[EventType "Swiss"]
[WhiteTeam ""]
[BlackTeam ""]
[PlyCount "194"]
[TimeControl "180+1"]

1. d4 d5 2. c4 e6 3. Nf3 Nf6 4. e3 dxc4 5. Bxc4 c5 6. O-O a6 7. b3 cxd4 
8. Nxd4 Be7 9. Bb2 O-O 10. Be2 Bd7 11. Nd2 Nc6 12. N4f3 Rc8 13. Rc1 b5 
14. a3 Qb6 15. Bd3 h6 16. Qe2 Rfd8 17. Rc2 Nb8 18. Rfc1 Rxc2 19. Rxc2 Qd6 
20. Rc1 Bc6 21. Bb1 Bb7 22. e4 Nh7 23. e5 Qb6 24. Bd4 Rxd4 25. Nxd4 Bxa3 
26. Rd1 Qxd4 27. Nc4 Qc3 28. Rd8+ Nf8 29. Rxb8 bxc4 30. Rxb7 Qc1+ 31. Qf1 Qb2 
32. Qd1 Bc5 33. Bc2 cxb3 34. Rxb3 Qxe5 35. g3 g5 36. Kg2 Kg7 37. h4 gxh4 
38. Qg4+ Qg5 39. Qxh4 Qxh4 40. gxh4 Ng6 41. Bxg6 Kxg6 42. Rb2 Be7 43. h5+ Kxh5 
44. Rb7 Bc5 45. Rxf7 Kg5 46. Rc7 Bd4 47. Rc6 e5 48. Rxa6 h5 49. Rd6 h4 
50. Rd8 h3+ 51. Kg3 h2 52. Rg8+ Kf6 53. Kxh2 e4 54. Re8 Kg5 55. Rg8+ Kf4 
56. Rf8+ Ke5 57. Re8+ Kd5 58. Kg2 Bc3 59. Re7 Bf6 60. Re8 Bc3 61. Rc8 Bd4 
62. Kg3 Bb6 63. Kg2 Bd4 64. Kf1 Ke5 65. Ke2 Kd5 66. Rc2 Ke5 67. Rc7 Kd5 
68. Rb7 Kd6 69. Rb1 Ke5 70. Rh1 Kf4 71. Rg1 Ke5 72. Rg8 Kd5 73. Rg1 Bf6 
74. Rg8 Bd4 75. Ra8 Ke5 76. Ra5+ Kf4 77. Ra3 Ke5 78. Ra5+ Kf6 79. Rd5 Ba7 
80. Rd7 Bc5 81. Rb7 Ke5 82. Rb1 Ke6 83. Rc1 Ba7 84. Rc4 Kd5 85. Ra4 Bd4 
86. Ra5+ Ke6 87. Ra3 Kf6 88. Kf1 Be5 89. Ke1 Bd4 90. Ra4 Ke5 91. Rc4 Kd5 
92. Rc8 Bf6 93. Kf1 Bd4 94. Re8 Bc5 95. Rb8 Ke5 96. Rb5 Kd4 97. Rb1 Kc3 1/2-1/2

[Event "Friday Night Engine Tour 13 rd Swiss 3m+1s Starts at 2200hrs ST"]
[Site "Infinity Chess"]
[Date "2018.4.13"]
[Round "7"]
[White "RonWeasley"]
[Black "MCDermont"]
[Result "1/2-1/2"]
[ECO "D30"]
[WhiteElo "2494"]
[BlackElo "2589"]
[WhiteEngine "BrainFish 090218_CTG"]
[BlackEngine "BrainFish 090218"]
[EventType "Swiss"]
[WhiteTeam ""]
[BlackTeam ""]
[PlyCount "172"]
[TimeControl "180+1"]

1. d4 d5 2. c4 e6 3. Nf3 Nf6 4. Nc3 dxc4 5. e4 Bb4 6. Bg5 c5 7. Bxc4 cxd4 
8. Nxd4 Bxc3+ 9. bxc3 Qa5 10. Bb5+ Bd7 11. Bxf6 gxf6 12. Bxd7+ Nxd7 13. O-O a6 
14. Rb1 Qc7 15. Qh5 Nc5 16. Qf3 Qe5 17. Rfe1 O-O 18. Qh3 Kh8 19. Nf3 Qf4 
20. g3 Rg8 21. Qh5 Qc7 22. Rbd1 Rg7 23. Rd4 Rag8 24. Qh6 Rg6 25. Qe3 b5 
26. Red1 Rc8 27. e5 f5 28. Ng5 Rg7 29. c4 Qe7 30. Nh3 Rgg8 31. Nf4 bxc4 
32. Rxc4 Ne4 33. Rcc1 Rgd8 34. Rxc8 Rxc8 35. Nh5 Qg5 36. Qxg5 Nxg5 37. Rd3 Ne4 
38. f3 Nc3 39. Rd7 Kg8 40. a3 h6 41. Nf6+ Kg7 42. Nh5+ Kg8 43. Ra7 Nd5 
44. a4 Nb4 45. f4 Rc1+ 46. Kg2 Rc2+ 47. Kf3 Nd5 48. h4 Rc3+ 49. Kg2 Rc2+ 
50. Kf1 Ne3+ 51. Kg1 Rc1+ 52. Kf2 Ng4+ 53. Ke2 Rc3 54. Rxa6 Kh7 55. Ra8 Kg6 
56. Nf6 Nxf6 57. exf6 Kxf6 58. a5 Rxg3 59. h5 Rc3 60. Rh8 Rc4 61. Ke3 Rc3+ 
62. Ke2 Rc6 63. Rb8 Ra6 64. Rb5 Ra7 65. Kd3 Ke7 66. Kc4 Kd6 67. Kb4 Kd7 
68. Kc4 Kc7 69. Kb4 Kd6 70. Kc4 Rc7+ 71. Kb4 Rc6 72. Rb8 e5 73. fxe5+ Kxe5 
74. Rb5+ Kf4 75. Rc5 Ra6 76. Rc7 f6 77. Rc8 Ra7 78. Kb5 Kg5 79. Kb6 Re7 
80. a6 f4 81. a7 Rxa7 82. Kxa7 f3 83. Rc1 Kxh5 84. Kb6 Kg4 85. Rf1 h5 
86. Kc5 Kg3 1/2-1/2

[Event "Friday Night Engine Tour 13 rd Swiss 3m+1s Starts at 2200hrs ST"]
[Site "Infinity Chess"]
[Date "2018.4.13"]
[Round "7"]
[White "Cepri"]
[Black "Time_bandit"]
[Result "1/2-1/2"]
[ECO "C55"]
[WhiteElo "2514"]
[BlackElo "2590"]
[WhiteEngine "asmfishw_08A18b_CTG"]
[BlackEngine "asmFishW_2018-02-02_popcnt"]
[EventType "Swiss"]
[WhiteTeam ""]
[BlackTeam ""]
[PlyCount "127"]
[TimeControl "180+1"]

1. e4 e5 2. Nf3 Nc6 3. Bc4 Nf6 4. d3 Bc5 5. O-O d6 6. c3 a5 7. Re1 O-O 
8. Nbd2 h6 9. h3 Be6 10. b3 Bb6 11. a4 d5 12. Bb5 Ne7 13. exd5 Nfxd5 14. Qc2 c6 
15. Bc4 Ng6 16. d4 Ndf4 17. dxe5 Nh4 18. Bf1 Bd5 19. Re4 Nfg6 20. Bc4 Re8 
21. g3 Nxf3+ 22. Nxf3 Qd7 23. Bxd5 cxd5 24. Rg4 Qc6 25. Nd4 Bxd4 26. Rxd4 Nxe5 
27. Kg2 b5 28. axb5 Qxb5 29. Qd1 Qb7 30. Rxd5 a4 31. f3 axb3 32. Rxa8 Rxa8 
33. Rxe5 b2 34. Bxb2 Qxb2+ 35. Qe2 Qxc3 36. Re8+ Rxe8 37. Qxe8+ Kh7 
38. Qxf7 Qd2+ 39. Kf1 Qd1+ 40. Kg2 Qd2+ 41. Kf1 Qd3+ 42. Ke1 Qc3+ 43. Kf1 Qe5 
44. g4 Qb5+ 45. Kf2 Qb2+ 46. Ke1 Qc1+ 47. Ke2 Qc2+ 48. Ke3 Qc3+ 49. Kf4 Qc1+ 
50. Kg3 Qe1+ 51. Kg2 Qd2+ 52. Kf1 Qc1+ 53. Ke2 Qg1 54. f4 Qh1 55. Qf5+ Kh8 
56. h4 Qxh4 57. Kf3 Qh1+ 58. Ke3 Qg2 59. Kd4 Qc6 60. Qd5 Qxd5+ 61. Kxd5 Kh7 
62. f5 Kg8 63. Kd6 Kf7 64. Ke5 1/2-1/2

[Event "Friday Night Engine Tour 13 rd Swiss 3m+1s Starts at 2200hrs ST"]
[Site "Infinity Chess"]
[Date "2018.4.13"]
[Round "7"]
[White "MGR"]
[Black "Victorious"]
[Result "1/2-1/2"]
[ECO "C77"]
[WhiteElo "2500"]
[BlackElo "2630"]
[WhiteEngine "Cfish 2018-04-08 64 NUMA BMI2_CTG"]
[BlackEngine "Cfish_x64_060418_LTO_popcnt"]
[EventType "Swiss"]
[WhiteTeam ""]
[BlackTeam ""]
[PlyCount "96"]
[TimeControl "180+1"]

1. e4 e5 2. Nf3 Nc6 3. Bb5 a6 4. Ba4 Nf6 5. O-O Be7 6. Re1 b5 7. Bb3 O-O 
8. c3 d5 9. exd5 Nxd5 10. Nxe5 Nxe5 11. Rxe5 c6 12. d4 Bd6 13. Re1 Qh4 
14. g3 Qh3 15. Be3 Bg4 16. Qd3 Rae8 17. Nd2 Re6 18. a4 Qh5 19. axb5 axb5 
20. Nf1 Bf5 21. Qd2 Bh3 22. Bd1 Qg6 23. Bf3 Qf5 24. Qd1 h5 25. Ra6 Bc7 
26. Bh1 Rf6 27. Qe2 h4 28. Bd2 Re6 29. Qf3 Rxe1 30. Bxe1 Bf4 31. Ne3 Qb1 
32. Qd1 Qxd1 33. Nxd1 Re8 34. Ne3 Bxe3 35. fxe3 Rxe3 36. Bf2 Re2 37. Rxc6 Nf6 
38. gxh4 Rxb2 39. Be1 Rb1 40. Kf2 Ng4+ 41. Ke2 Rb2+ 42. Bd2 Nxh2 43. Kd1 Rb1+ 
44. Bc1 Bg4+ 45. Kc2 Bf5+ 46. Kd1 Bg4+ 47. Kc2 Bf5+ 48. Kd1 Bg4+ 1/2-1/2

[Event "Friday Night Engine Tour 13 rd Swiss 3m+1s Starts at 2200hrs ST"]
[Site "Infinity Chess"]
[Date "2018.4.13"]
[Round "6"]
[White "OlivierEvan"]
[Black "Arch Stanton"]
[Result "1/2-1/2 "]
[ECO "E10"]
[WhiteElo "2397"]
[BlackElo "2515"]
[WhiteEngine "Houdini 6"]
[BlackEngine "stockfish_18041209_x64_bmi2_CTG"]
[EventType "Swiss"]
[WhiteTeam ""]
[BlackTeam ""]
[PlyCount "184"]
[TimeControl "180+1"]

1. d4 Nf6 2. c4 e6 3. Nf3 d5 4. Nc3 c6 5. a3 dxc4 6. e4 b5 7. Be2 Bb7 8. O-O Be7 
9. b3 cxb3 10. e5 Nd5 11. Ne4 O-O 12. Qxb3 Nd7 13. Qd3 c5 14. dxc5 Qc7 
15. Bd2 Nxe5 16. Qxb5 a6 17. Qb3 Rab8 18. Nxe5 Qxe5 19. Bf3 Bc6 20. Qc2 Rb2 
21. Qd1 Rd8 22. Nd6 Bxd6 23. cxd6 Qxd6 24. Bg5 Rc8 25. Qd4 Rb3 26. Rfc1 Rxa3 
27. Rxa3 Qxa3 28. h3 h6 29. Bd2 Qf8 30. Qe5 Ne7 31. Be2 Bd5 32. Rc3 Ng6 
33. Qg3 Rxc3 34. Qxc3 Qa8 35. Bf1 f6 36. Qg3 Ne7 37. Bb4 Nc6 38. Bd2 Kh8 
39. Qc3 Qb7 40. Qc5 Qa8 41. Qc3 Ne5 42. Qc7 Qb7 43. Qxb7 Bxb7 44. f4 Nc6 
45. Kf2 a5 46. g3 g5 47. Bc4 e5 48. fxe5 Nxe5 49. Bb3 Nd3+ 50. Ke3 Nc5 
51. Bc2 Bg2 52. h4 Nb7 53. Ba4 Kg7 54. Bb5 Bd5 55. hxg5 hxg5 56. Ba4 Kf8 
57. Kd4 Bh1 58. Be1 Kf7 59. Kc4 Kg6 60. Bc2+ Kf7 61. Ba4 Bf3 62. Kb5 Ke6 
63. Kb6 g4 64. Bb3+ Bd5 65. Bc2 Bf3 66. Bb3+ Bd5 67. Bc2 f5 68. Bd2 Be4 
69. Bb3+ Ke5 70. Bc3+ Kd6 71. Bd2 Ke5 72. Bc3+ Kd6 73. Bd2 Bd5 74. Bc2 Ke5 
75. Bc3+ Ke6 76. Bd2 Be4 77. Bb3+ Kf6 78. Bc3+ Kg5 79. Bd2+ Kf6 80. Bc3+ Kg5 
81. Bd2+ Kg6 82. Bf4 Kf6 83. Bd2 Bh1 84. Bf4 Be4 85. Bd2 Kg6 86. Bf4 Bh1 
87. Be5 Bf3 88. Bf4 Kf6 89. Bc1 Ke5 90. Bb2+ Kd6 91. Ba3+ Kd7 92. Bc1 Nd6 
1/2-1/2

[Event "Friday Night Engine Tour 13 rd Swiss 3m+1s Starts at 2200hrs ST"]
[Site "Infinity Chess"]
[Date "2018.4.13"]
[Round "6"]
[White "incredible"]
[Black "alexxx97"]
[Result "1/2-1/2"]
[ECO "C55"]
[WhiteElo "2496"]
[BlackElo "2369"]
[WhiteEngine "stockfish_16040910_x64_bmi2"]
[BlackEngine "stockfish_x64_modern_CTG"]
[EventType "Swiss"]
[WhiteTeam ""]
[BlackTeam ""]
[PlyCount "82"]
[TimeControl "180+1"]

1. e4 e5 2. Nf3 Nc6 3. Bc4 Nf6 4. d3 Bc5 5. c3 d6 6. O-O O-O 7. b4 Bb6 8. a4 a5 
9. b5 Ne7 10. Nbd2 Ng6 11. Ba2 h6 12. Nc4 Ba7 13. Re1 Re8 14. Be3 Bxe3 
15. Nxe3 Nf4 16. Qc2 c6 17. Rab1 d5 18. exd5 cxd5 19. Rbd1 Qd6 20. d4 e4 
21. Ne5 Be6 22. c4 dxc4 23. N3xc4 Qb4 24. Rb1 Qe7 25. Qd2 N6h5 26. Rbd1 Qg5 
27. f3 Bh3 28. Ne3 Rxe5 29. dxe5 exf3 30. Bd5 Ne2+ 31. Rxe2 fxe2 32. Qxe2 Nf4 
33. Qd2 Be6 34. Bxb7 Rb8 35. Bf3 Bb3 36. Ra1 Rd8 37. Qxa5 Nh3+ 38. Kh1 Nf2+ 
39. Kg1 Nh3+ 40. Kh1 Nf2+ 41. Kg1 Nh3+ 1/2-1/2

[Event "Friday Night Engine Tour 13 rd Swiss 3m+1s Starts at 2200hrs ST"]
[Site "Infinity Chess"]
[Date "2018.4.13"]
[Round "6"]
[White "klasman"]
[Black "Vimtiroba"]
[Result "1/2-1/2"]
[ECO "C77"]
[WhiteElo "2406"]
[BlackElo "2509"]
[WhiteEngine "Raubfisch ME262_GTZ17a."]
[BlackEngine "SF9 ''A5''_CTG"]
[EventType "Swiss"]
[WhiteTeam ""]
[BlackTeam ""]
[PlyCount "116"]
[TimeControl "180+1"]

1. e4 e5 2. Nf3 Nc6 3. Bb5 a6 4. Ba4 Nf6 5. O-O Be7 6. Re1 b5 7. Bb3 O-O 
8. c3 d5 9. exd5 Nxd5 10. Nxe5 Nxe5 11. Rxe5 c6 12. d4 Bd6 13. Re1 Qh4 
14. g3 Qh3 15. Qe2 Bg4 16. Qf1 Qh5 17. Be3 Rfe8 18. Nd2 Bh3 19. Bd1 Qf5 
20. Qe2 c5 21. Nf3 Rad8 22. Qd2 h6 23. a4 b4 24. dxc5 Nxe3 25. cxd6 Nxd1 
26. Rxe8+ Rxe8 27. Qxd1 Rd8 28. cxb4 Rxd6 29. Qe2 Re6 30. Qd1 Rd6 31. Qe2 Re6 
32. Qd1 Rf6 33. Ra3 Rd6 34. Qe2 Rd4 35. b5 axb5 36. a5 Qd5 37. Ra1 Rd2 
38. Qe3 Rd3 39. Qe8+ Kh7 40. Ne1 Rd2 41. Qe3 Qc4 42. Ng2 Rxb2 43. Rc1 Qb4 
44. Qd3+ g6 45. Nf4 Bf5 46. Qd5 Qe7 47. h4 Be4 48. Qd4 Rb4 49. Qe3 Qd7 
50. f3 Ba8 51. h5 g5 52. Ng6 fxg6 53. Qb6 gxh5 54. Rc7 Rb1+ 55. Kg2 Rb2+ 
56. Kg1 Rb1+ 57. Kf2 Rb2+ 58. Kg1 Rb1+ 1/2-1/2

[Event "Friday Night Engine Tour 13 rd Swiss 3m+1s Starts at 2200hrs ST"]
[Site "Infinity Chess"]
[Date "2018.4.13"]
[Round "6"]
[White "RonWeasley"]
[Black "Dovahkiin"]
[Result "1/2-1/2"]
[ECO "D30"]
[WhiteElo "2497"]
[BlackElo "2411"]
[WhiteEngine "BrainFish 090218_CTG"]
[BlackEngine "Raubfisch ME262_GTZ16f_CTG"]
[EventType "Swiss"]
[WhiteTeam ""]
[BlackTeam ""]
[PlyCount "115"]
[TimeControl "180+1"]

1. d4 d5 2. c4 e6 3. Nf3 Nf6 4. Nc3 c6 5. Bg5 h6 6. Bxf6 Qxf6 7. e3 Nd7 
8. Be2 g6 9. O-O Bg7 10. e4 dxe4 11. Nxe4 Qf4 12. Qc2 f5 13. Ned2 c5 14. g3 Qc7 
15. Nh4 Bxd4 16. Nxg6 Rg8 17. Nh4 Nf6 18. Ndf3 Rxg3+ 19. hxg3 Qxg3+ 20. Ng2 Ng4 
21. Qd2 Bxf2+ 22. Rxf2 Qxf2+ 23. Kh1 Bd7 24. Ne5 O-O-O 25. Nxg4 fxg4 26. Rd1 h5 
27. b3 b6 28. Qd3 Qf5 29. Kg1 Qxd3 30. Rxd3 Be8 31. Kf2 Rxd3 32. Bxd3 Kd8 
33. Kg3 Ke7 34. Nf4 Kf6 35. Kh4 Ke5 36. Ne2 Bf7 37. Kg5 a6 38. Bb1 b5 
39. cxb5 axb5 40. a4 c4 41. a5 cxb3 42. a6 Be8 43. a7 Bc6 44. Kxh5 Kd6 
45. Kxg4 Kc5 46. Kf4 Kb6 47. Nc1 Kxa7 48. Nxb3 Kb6 49. Na1 Bd5 50. Ke5 Kc5 
51. Nc2 b4 52. Nd4 b3 53. Bd3 b2 54. Bc2 b1=Q 55. Bxb1 Bc4 56. Bh7 Kb4 
57. Bg8 Kc3 58. Nc6 1/2-1/2